 Dungeon Crawl Stone Soup version 0.30-a0-862-g1aabd4f9c5 (webtiles) character file.

Game seed: 5488691764938075017

10 Jeffwins the Conjurer (level 2, 0/21 HPs)
             Began as a Human Wanderer on Mar 9, 2023.
             Slain by a jackal (2 damage)
             ... on level 1 of the Dungeon.
             The game lasted 00:01:11 (409 turns).

Jeffwins the Conjurer (Human Wanderer)               Turns: 409, Time: 00:01:12

Health: 0/21       AC:  3    Str: 12    XL:     2   Next: 30%
Magic:  1/4        EV: 12    Int: 12    God:
Gold:   0          SH:  0    Dex: 12    Spells: 2/3 levels left

rFire   . . .      SeeInvis .    a - +0 club
rCold   . . .      Faith    .    (no shield)
rNeg    . . .      Spirit   .    c - +0 robe
rPois   .          Reflect  .    d - +0 helmet
rElec   .          Rampage  .    (no cloak)
rCorr   .                        (no gloves)
Will    .....                    (no boots)
Stlth   ++                       (no amulet)
HPRegen 0.23/turn                (no ring)
MPRegen 0.09/turn                (no ring)

@: no status effects
A: no striking features
a: no special abilities


You were on level 1 of the Dungeon.
You visited 1 branch of the dungeon, and saw 1 of its levels.


   Skills:
 - Level 1.0 Fighting
 - Level 2.0 Dodging
 - Level 1.0 Stealth
 * Level 1.4 Spellcasting
 * Level 3.2 Conjurations
 * Level 0.8 Fire Magic
 - Level 1.0 Poison Magic
 - Level 1.0 Evocations


You had 2 spell levels left.
You knew the following spells:

 Your Spells              Type           Power      Damage    Failure   Level
z - Foxfire               Conj/Fire      20%        2x1d5     13%         1

Your spell library contained the following spells:

 Spells                   Type           Power      Damage    Failure   Level
 Momentum Strike          Conj/Tloc      8%         3d8       22%         2
 Sting                    Tmut/Pois      8%         1d3       24%         1
 Ignite Poison            Fire/Tmut/Pois 2%         N/A       56%         3
 Flame Wave               Conj/Fire      5%         2d5       77%         4

Inventory:

Hand Weapons
 a - a +0 club (weapon)
Armour
 c - a +0 robe (worn)
 d - a +0 helmet (worn)
 e - a scarf of shadows
Scrolls
 f - a scroll of teleportation {unknown}
Potions
 b - a potion of haste {@q3}

Dungeon Overview and Level Annotations

Branches:
Dungeon (1/15)

Altars:

........###.##.#..#########.#
.#.............#..#.........#
......#...#.#..#..#.#########
.###..#........#....††.....
.#.†..#.#.#.#..#.##.########
.#.#.##.#.#.#..#......hh...#
.#.#.##.#.#.#######.######.#
.#.#.##.#.#.#.......# #.#
#.#.##.#.#.....@#..# #h#
#.#.##.#.####.#h##.# #.#
#...##.#.# #.#.#########.# ##
## #.# #.#...hh......#
..#.#########.# #.#.# #.#
##### ###


You could see a jackal.


Message History

Casting: Foxfire (safe; 13% risk of failure)
Confirm with . or Enter, or press ? or * to list all spells.
You conjure some foxfire!
The jackal misses you.
The jackal bites you but does no damage.
The jackal barely misses you. The jackal closely misses you.
Unknown command.
You barely miss the jackal.
The foxfire hits the jackal.
The jackal is moderately wounded.
The foxfire hits the jackal.
You kill the jackal!
The jackal bites you.
* * * LOW HITPOINT WARNING * * *
Unknown command.
You barely miss the jackal. You punch the jackal, but do no damage.
The jackal is moderately wounded.
The jackal closely misses you. x2
You closely miss the jackal.
The jackal is moderately wounded.
The jackal bites you.
* * * LOW HITPOINT WARNING * * *
The jackal bites you.
* * * LOW HITPOINT WARNING * * *
You hit the jackal but do no damage.
The jackal is moderately wounded.
The jackal bites you but does no damage.
The jackal closely misses you.
You miss the jackal.
The jackal is moderately wounded.
The jackal misses you. The jackal bites you.
You die...

Action                     || total
---------------------------++-------
  Melee: Club              ||    23
         Punch             ||     1
   Cast: Foxfire           ||    15
   Stab: Sleeping          ||     1
 Armour: Robe              ||    15
  Dodge: Dodged            ||    31

Levels and vault maps discovered:
D:1:      onia_arrival_mini_maze, layout_basic, minmay_unequal

Notes
Turn   | Place    | Note
-------+----------+-------------------------------------------
     0 | D:1      | Jeffwins the Human Wanderer began the quest for the Orb.
     0 | D:1      | Jeffwins set off with the following items: a +0 club, a
                  | potion of haste {@q3}, a +0 robe, a +0 helmet; and the
                  | following spells available to memorise: Foxfire, Sting,
                  | Momentum Strike, Ignite Poison, Flame Wave.
     0 | D:1      | Reached XP level 1. HP: 15/15 MP: 2/2
     2 | D:1      | Learned a level 1 spell: Foxfire
   283 | D:1      | Reached XP level 2. HP: 21/21 MP: 0/3
   407 | D:1      | HP: 2/21 [jackal (3)]
   409 | D:1      | Slain by a jackal

Vanquished Creatures
  A ball python (D:1)
  2 endoplasms (D:1)
  2 jackals (D:1)
  A quokka (D:1)
  A bat (D:1)
  A frilled lizard (D:1)
  A rat (D:1)
9 creatures vanquished.

Vanquished Creatures (others)
  23 foxfires (D:1)
23 creatures vanquished.

Grand Total: 32 creatures vanquished

Table legend: (Time is in decaauts)
 A = Elapsed time spent in this place.
 B = Non-inter-level travel time spent in this place.
 C = Inter-level travel time spent in this place.
 D = Time resting spent in this place.
 E = Time spent auto-exploring this place.
 F = Levels seen in this place.
 G = Mean time per level.
                   A        B        C        D        E       F      G
               +--------+--------+--------+--------+--------+-----+--------+
         Total |    415 |    415 |      0 |     32 |    265 |   1 |  415.0 |
       Dungeon |    415 |    415 |      0 |     32 |    265 |   1 |  415.0 |
               +--------+--------+--------+--------+--------+-----+--------+

Top non-repeatable levels by time:
     D:1: 415 daAuts

Table legend:
 A = Non-vault XP
 B = Vault XP
 C = Vault XP percentage of total XP
 D = Non-vault monster count
 E = Vault monster count
 F = Vault count percentage of total count
                 A         B        C        D         E       F
            +---------+---------+-------+---------+---------+-------
      Total |      15 |       0 |   0.0 |       9 |       0 |   0.0
            +---------+---------+-------+---------+---------+-------
        D:1 |      15 |       0 |   0.0 |       9 |       0 |   0.0
            +---------+---------+-------+---------+---------+-------
